 Dungeon Crawl Stone Soup version 0.21-a0-498-g1b60429 (webtiles) character file.

14775 theanonym the Carver (level 12, 0/102 HPs)
             Began as a Barachi Gladiator on Nov 24, 2017.
             Was a Priest of Uskayaw.
             Slain by a 16-headed hydra (5 damage)
             ... on level 9 of the Dungeon.
             The game lasted 00:36:44 (13454 turns).

theanonym the Carver (Barachi Gladiator)           Turns: 13454, Time: 00:36:45

Health: 0/102      AC:  9    Str: 18    XL:     12   Next: 20%
Magic:  11/18      EV: 18    Int:  8    God:    Uskayaw [***...]
Gold:   341        SH:  6    Dex: 23    Spells: 8/11 levels left

rFire    . . .     SeeInvis .   a - +0 scimitar
rCold    . . .     Gourm    .   j - +2 buckler
rNeg     . . .     Faith    .   h - +0 ring mail
rPois    .         Spirit   .   c - +0 helmet
rElec    .         Reflect  .   (no cloak)
rCorr    .         Harm     .   (no gloves)
MR       .....                  x - +0 pair of boots
Stlth    +.........             e - amulet of magic regeneration
HPRegen  0.27/turn              M - +1 ring of protection
MPRegen  0.41/turn              m - +6 ring of dexterity

@: slow
A: +LOS, swims, mutation resistance 1, shaggy fur 1, slowness 1, strong legs 1
a: Hop, Stomp, Line Pass, Renounce Religion


Innate Abilities, Weirdness & Mutations

Shadows flee at your approach. (+LOS)
You can swim through water.
You cover ground slowly.
You can hop short distances.
You are somewhat resistant to further mutation.
You are covered in fur. (AC +1)


   Skills:
 + Level 11.8 Fighting
 - Level 14.0 Long Blades
 - Level 2.0 Throwing
 + Level 9.4 Dodging
 + Level 8.2 Invocations


You had 8 spell levels left.
You knew the following spells:

 Your Spells              Type           Power        Failure   Level  Hunger
a - Confuse               Hex            #.......     98%         3    ####...

Skill      XL: |  1  2  3  4  5  6  7  8  9 10 11 12 |
---------------+-------------------------------------+-----
Long Blades    | 4 5 6 7 8 10 12 13 14 | 14.0
Fighting       | 3 4 5 7 8 9 11 | 11.8
Dodging        | 4 5 6 8 9 |  9.4
Invocations    | 1 3 5 6 7 8 |  8.2
Throwing       | |  2.0

Action                   |  1- 3 |  4- 6 |  7- 9 | 10-12 || total
-------------------------+-------+-------+-------+-------++-------
Melee: Long sword        |    88 |   157 |   280 |   260 ||   785
       Scimitar          |       |       |       |   211 ||   211
       Short sword       |       |       |       |     2 ||     2
Throw: Throwing net      |       |     2 |     7 |     2 ||    11
Invok: Stomp             |       |       |    10 |    11 ||    21
       Line Pass         |       |       |     1 |     5 ||     6
       Grand Finale      |       |       |       |     1 ||     1
 Abil: Hop               |       |     1 |       |     3 ||     4
Evoke: Wand              |       |       |     8 |    33 ||    41
  Use: Scroll            |       |    12 |     3 |     5 ||    20
       Potion            |       |     3 |     6 |     3 ||    12
 Stab: Held in net/web   |       |     1 |     6 |     3 ||    10
       Paralysed         |       |       |     8 |    40 ||    48
       Confused          |       |       |     1 |     2 ||     3
       Sleeping          |       |       |       |     1 ||     1
       Distracted        |       |       |       |     1 ||     1
  Eat: Chunk             |     3 |     4 |     5 |     8 ||    20
       Meat ration       |       |     1 |       |     4 ||     5
       Bread ration      |       |       |     1 |       ||     1
       Royal jelly       |       |       |     2 |       ||     2
Armor: Leather armour    |     3 |       |       |       ||     3
       Ring mail         |    33 |    51 |    61 |    67 ||   212
       Skin              |       |       |       |    93 ||    93
Dodge: Dodged            |    58 |    78 |   123 |   205 ||   464
Block: Buckler           |    16 |    34 |    64 |   112 ||   226
       Rpst.: Long sword |    17 |    19 |    47 |    33 ||   116
       Scimitar          |       |       |       |    21 ||    21

Inventory:

Hand Weapons
 a - a +0 scimitar (weapon)
   (You took it off an orc warrior on level 9 of the Dungeon)
 Q - a +0 short sword of speed
   (You took it off an orc warrior on level 9 of the Dungeon)
Missiles
 n - 87 poisoned needles
Armour
 c - a +0 helmet (worn)
 g - a +0 leather armour
 h - a +0 ring mail (worn)
   (You found it on level 1 of the Dungeon)
 j - a +2 buckler (worn)
   (You found it on level 1 of the Dungeon)
 x - a +0 pair of boots (worn)
   (You found it on level 2 of the Dungeon)
 N - a +0 scale mail
   (You found it on level 9 of the Dungeon)
Jewellery
 e - an amulet of magic regeneration (around neck)
   (You took it off a gnoll on level 3 of the Dungeon)
 m - a +6 ring of dexterity (right hand)
   (You found it in an ossuary)
 y - an uncursed ring of resist corrosion
   (You found it on level 5 of the Dungeon)
 M - a +1 ring of protection (left hand)
   (You found it on level 9 of the Dungeon)
 O - an uncursed ring of flight {+Fly}
   (You found it on level 2 of the Dungeon)
Wands
 w - a wand of iceblast (7)
   (You found it on level 7 of the Dungeon)
 D - a wand of flame (11)
   (You found it on level 4 of the Dungeon)
 H - a wand of random effects (40)
   (You found it on level 8 of the Dungeon)
Scrolls
 d - a scroll of vulnerability {unknown}
 f - a scroll of fog {!r}
 k - a scroll of enchant weapon
 l - 5 scrolls of remove curse
 o - 8 scrolls of amnesia
 t - 2 scrolls of teleportation {!r}
 v - a scroll of torment {unknown}
 C - a scroll of acquirement {unknown}
 J - a scroll of random uselessness {unknown}
Potions
 i - 2 potions of flight
 u - a potion of ambrosia
 z - 3 potions of mutation
 B - a potion of brilliance
 G - a potion of curing
Books
 K - a book of Maledictions
   (You found it on level 8 of the Dungeon)

   Spells                             Type                      Level
   a - Corona                         Hexes                        1
   b - Ensorcelled Hibernation        Hexes/Ice                    2
   c - Confuse                        Hexes                        3
   d - Tukima's Dance                 Hexes                        3
   e - Dazzling Spray                 Conjuration/Hexes            3
 P - the Grimoire of Plaster Cramp
   (You found it on level 10 of the Dungeon)

   Spells                             Type                      Level
   a - Leda's Liquefaction            Hexes/Earth                  4
   b - Statue Form                    Transmutation/Earth          6
Comestibles
 p - 6 bread rations
 F - 3 fruits
 L - 10 royal jellies

Dungeon Overview and Level Annotations

Branches:
Dungeon (10/15)            Temple (1/1) D:4            Lair (0/6) D:9
    Orc (0/2) D:10

Altars:
Elyvilon
Hepliaklqana
Kikubaaqudgha
Makhleb
Nemelex Xobeh
Qazlal
Ru
Sif Muna
Trog
Uskayaw
Wu Jian
Xom
Yredelemnul
Zin

Shops:
D:4 %   D:6 }   D:9 *

Annotations:
D:9 1 exclusion


You were on level 9 of the Dungeon.
You worshipped Uskayaw.
Uskayaw was aware of your devotion.
You were hungry.

You visited 2 branches of the dungeon, and saw 11 of its levels.
You also visited: Ossuary.

You collected 521 gold pieces.
You spent 180 gold pieces at shops.


Message History

The 14-headed hydra grows two more!
You slash the 16-headed hydra! You block the 16-headed hydra's attack.
The 16-headed hydra barely misses you.
The 16-headed hydra bites you but does no damage.
You block the 16-headed hydra's attack.
The 16-headed hydra bites you but does no damage. x3
The 16-headed hydra bites you! The 16-headed hydra barely misses you.
You block the 16-headed hydra's attack.
The 16-headed hydra bites you but does no damage.
The 16-headed hydra bites you!
* * * LOW HITPOINT WARNING * * *
The 16-headed hydra bites you but does no damage.
The 16-headed hydra bites you.
* * * LOW HITPOINT WARNING * * *
The 16-headed hydra completely misses you.
The 16-headed hydra bites you but does no damage.
You take 21 damage, and have 67/153 hp.
You stomp with the beat, sending a shockwave through the revelers around you!
You feel somewhat more hungry.
Uskayaw will no longer force your foes to share their pain.
The 16-headed hydra bites you but does no damage. x2
You block the 16-headed hydra's attack.
The 16-headed hydra bites you but does no damage. x2
The 16-headed hydra bites you.
* * * LOW HITPOINT WARNING * * *
The 16-headed hydra bites you but does no damage.
The 16-headed hydra bites you!
* * * LOW HITPOINT WARNING * * *
The 16-headed hydra bites you but does no damage. x6
You block the 16-headed hydra's attack.
The 16-headed hydra bites you but does no damage.
Uskayaw will force your foes to share their pain.
You take 11 damage, and have 56/153 hp.
You now have 15/18 mp.
You stomp with the beat, sending a shockwave through the revelers around you!
You feel somewhat more hungry.
Uskayaw will no longer force your foes to share their pain.
The 16-headed hydra barely misses you.
The 16-headed hydra bites you but does no damage. x5
You block the 16-headed hydra's attack. The 16-headed hydra barely misses you.
You block the 16-headed hydra's attack. The 16-headed hydra bites you.
* * * LOW HITPOINT WARNING * * *
The 16-headed hydra bites you but does no damage.
The 16-headed hydra bites you.
* * * LOW HITPOINT WARNING * * *
The 16-headed hydra bites you.
* * * LOW HITPOINT WARNING * * *
The 16-headed hydra bites you but does no damage.
You block the 16-headed hydra's attack.
The 16-headed hydra bites you but does no damage.
You take 13 damage, and have 43/153 hp.
You now have 12/18 mp.
You stomp with the beat, sending a shockwave through the revelers around you!
You are feeling hungry.
Uskayaw will no longer force your foes to helplessly watch your dance.
The 16-headed hydra bites you but does no damage.
You block the 16-headed hydra's attack. The 16-headed hydra bites you.
* * * LOW HITPOINT WARNING * * *
The 16-headed hydra bites you but does no damage.
The 16-headed hydra bites you!
* * * LOW HITPOINT WARNING * * *
The 16-headed hydra bites you but does no damage. x5
The 16-headed hydra bites you.
* * * LOW HITPOINT WARNING * * *
The 16-headed hydra bites you!
* * * LOW HITPOINT WARNING * * *
The 16-headed hydra bites you but does no damage. x2
You block the 16-headed hydra's attack. The 16-headed hydra bites you.
* * * LOW HITPOINT WARNING * * *
Uskayaw will force your foes to helplessly watch your dance.
You take 24 damage, and have 19/153 hp.
You now have 10/18 mp.
You feel much better.
The 16-headed hydra bites you but does no damage. x2
The 16-headed hydra completely misses you.
The 16-headed hydra bites you but does no damage.
You block the 16-headed hydra's attack. x2; The 16-headed hydra bites you.
* * * LOW HITPOINT WARNING * * *
The 16-headed hydra bites you!
* * * LOW HITPOINT WARNING * * *
The 16-headed hydra bites you but does no damage. x3
The 16-headed hydra bites you.
* * * LOW HITPOINT WARNING * * *
The 16-headed hydra bites you.
* * * LOW HITPOINT WARNING * * *
The 16-headed hydra bites you.
* * * LOW HITPOINT WARNING * * *
The 16-headed hydra bites you.
* * * LOW HITPOINT WARNING * * *
The 16-headed hydra bites you but does no damage.
You regained 5 hp, and now have 24/153 hp.
Okay, then.
Unknown command.
Okay, then.
Your magical effects are unravelling.
You feel magically purged.
You feel less wooden.
Your +0 helmet unmelds from your body.
Your +0 pair of boots unmelds from your body.
Your +0 ring mail unmelds from your body.
The 16-headed hydra closely misses you. The 16-headed hydra bites you!
* * * LOW HITPOINT WARNING * * *
You block the 16-headed hydra's attack. The 16-headed hydra bites you.
You die...

..(.......########...##........#.
.....######......#...##........#.
.........#.......#.............#.
.........#.......#.............#.
.........'.......#.............#.
>........#.......#.......#####.#.
.........#.......#.......# #.#.
....#...######'###.......# #.#.
........#......D@....##..#####.#.
........#............##......YY#.
....#...#..####................#.
#.#.#...#..# #...######.......##
........#..# #...#....########..
........#..# #...#....##.....#..
........#..# #...#....##.....#..
........#..# #...#....##.....#..
........#..####...#....##.....#..


You could see a 16-headed hydra.

Notes
Turn   | Place    | Note
-------+----------+-------------------------------------------
     0 | D:1      | theanonym the Barachi Gladiator began the quest for the Orb.
     0 | D:1      | Reached XP level 1. HP: 17/17 MP: 1/1
    77 | D:1      | Reached skill level 4 in Long Blades
    77 | D:1      | Reached XP level 2. HP: 22/23 MP: 2/2
   407 | D:1      | Reached XP level 3. HP: 28/28 MP: 3/3
   425 | D:1      | Reached skill level 3 in Fighting
  1244 | D:2      | Found a sacrificial altar of Ru.
  1294 | D:2      | HP: 14/29 [poisoned by an adder]
  1591 | D:2      | Reached XP level 4. HP: 32/35 MP: 4/4
  1704 | D:2      | Noticed Natasha
  1712 | D:2      | Killed Natasha
  1712 | D:2      | Reached skill level 5 in Long Blades
  1712 | D:2      | Reached skill level 4 in Dodging
  1970 | D:2      | Reached XP level 5. HP: 35/41 MP: 5/5
  1977 | D:2      | Found an ornate altar of the Wu Jian Council.
  2144 | D:3      | Found a faded altar of an unknown god.
  2330 | D:3      | Found a white marble altar of Elyvilon.
  2381 | D:3      | HP: 21/42 [gnoll/spear (4)]
  2384 | D:3      | Reached skill level 4 in Fighting
  2807 | D:4      | Noticed Menkaure
  2817 | D:4      | HP: 19/42 [Menkaure/nerve-wracking pain (4)]
  2819 | D:4      | Killed Menkaure
  2819 | D:4      | Reached skill level 6 in Long Blades
  2819 | D:4      | Reached XP level 6. HP: 23/49 MP: 6/6
  3284 | D:4      | Found Govuare's Food Boutique.
  3381 | D:4      | Found a staircase to the Ecumenical Temple.
  3574 | Temple   | Entered the Ecumenical Temple
  3613 | Temple   | Became a worshipper of Uskayaw the Reveler
  3671 | D:5      | Entered Level 5 of the Dungeon
  3678 | D:5      | Noticed a phantom
  3693 | D:5      | Reached * piety under Uskayaw
  3702 | D:5      | Reached ** piety under Uskayaw
  3711 | D:5      | Killed a phantom
  3829 | D:5      | Noticed a slave
  3830 | D:5      | Noticed a slave
  3830 | D:5      | Noticed a slave
  3830 | D:5      | Noticed a slave
  3831 | D:5      | Noticed Pikel
  3858 | D:4      | Killed a slave
  4089 | D:5      | Found a sand-covered staircase.
  4099 | Ossuary  | Entered an ossuary
  4129 | Ossuary  | HP: 24/49 [centaur zombie (1)]
  4132 | Ossuary  | HP: 7/49 [centaur zombie (6)]
  4135 | Ossuary  | Reached skill level 7 in Long Blades
  4135 | Ossuary  | Reached skill level 5 in Dodging
  4135 | Ossuary  | Reached XP level 7. HP: 7/55 MP: 7/7
  4137 | Ossuary  | HP: 3/55 [poisoned by a scorpion]
  4138 | Ossuary  | HP: 1/55 [poisoned by a scorpion]
  4139 | Ossuary  | Gained mutation: You are somewhat resistant to further mutation. [potion of mutation]
  4139 | Ossuary  | Gained mutation: You are covered in fur. (AC +1) [potion of mutation]
  4153 | Ossuary  | HP: 27/55 [poisoned by a scorpion]
  4161 | Ossuary  | HP: 26/55 [poisoned by a scorpion]
  4332 | Ossuary  | Reached skill level 5 in Fighting
  4361 | Ossuary  | Reached *** piety under Uskayaw
  4369 | Ossuary  | HP: 28/56 [human zombie (6)]
  4577 | Ossuary  | Reached skill level 8 in Long Blades
  4689 | Ossuary  | Reached skill level 1 in Invocations
  4701 | Ossuary  | Reached XP level 8. HP: 48/64 MP: 8/8
  4841 | Ossuary  | Reached skill level 6 in Fighting
  4991 | Ossuary  | Reached skill level 2 in Invocations
  4996 | Ossuary  | Reached skill level 9 in Long Blades
  5006 | Ossuary  | HP: 32/64 [poisoned by a scorpion]
  5012 | Ossuary  | HP: 30/64 [poisoned by a scorpion]
  5020 | Ossuary  | HP: 30/64 [poisoned by a scorpion]
  5028 | Ossuary  | HP: 29/64 [poisoned by a scorpion]
  5271 | D:5      | Learned a level 3 spell: Confuse
  5402 | D:5      | Noticed Sigmund
  5413 | D:5      | Killed Sigmund
  5642 | D:5      | Killed Pikel
  5642 | D:5      | Reached skill level 7 in Fighting
  5642 | D:5      | Reached skill level 10 in Long Blades
  5642 | D:5      | Reached skill level 3 in Invocations
  5642 | D:5      | Reached XP level 9. HP: 59/72 MP: 9/11
  5879 | D:6      | Found an ancient bone altar of Kikubaaqudgha.
  6099 | D:6      | Found Gautuq's Gadget Boutique.
  6102 | D:6      | Bought a wand of paralysis (13) for 180 gold pieces
  6175 | D:6      | Found a glowing silver altar of Zin.
  6368 | D:6      | Found a basalt altar of Yredelemnul.
  6703 | D:7      | Reached skill level 4 in Invocations
  6818 | D:7      | Reached skill level 11 in Long Blades
  6878 | D:7      | Reached skill level 8 in Fighting
  7342 | D:8      | Noticed a two-headed ogre
  7352 | D:8      | Killed a two-headed ogre
  7352 | D:8      | Reached skill level 12 in Long Blades
  7352 | D:8      | Reached skill level 5 in Invocations
  7352 | D:8      | Reached XP level 10. HP: 52/82 MP: 13/13
  7810 | D:8      | Noticed a cyclops
  7981 | D:8      | HP: 41/82 [poisoned by a killer bee]
  7986 | D:8      | HP: 41/82 [poisoned by a killer bee]
  7993 | D:8      | HP: 40/82 [poisoned by a killer bee]
  8002 | D:8      | HP: 36/82 [killer bee (5)]
  8108 | D:8      | HP: 41/82 [poisoned by a killer bee]
  8113 | D:8      | HP: 40/82 [poisoned by a killer bee]
  8119 | D:8      | HP: 40/82 [poisoned by a killer bee]
  8127 | D:8      | HP: 39/82 [poisoned by a killer bee]
  8319 | D:8      | Reached skill level 9 in Fighting
  8606 | D:8      | Found a sparkling altar of Nemelex Xobeh.
  8682 | D:8      | Killed a cyclops
  8682 | D:8      | Reached skill level 6 in Dodging
  9163 | D:8      | Noticed theanonym's ghost (novice BaGl)
  9189 | D:8      | HP: 33/83 [theanonym's ghost (16)]
  9189 | D:8      | Reached **** piety under Uskayaw
  9192 | D:8      | Killed theanonym's ghost
  9192 | D:8      | Reached skill level 13 in Long Blades
  9208 | D:8      | HP: 13/83 [orc warrior/hand axe (11)]
  9221 | D:8      | HP: 12/83 [orc/club (3)]
  9238 | D:8      | Reached skill level 6 in Invocations
  9718 | D:9      | Noticed a five-headed hydra
  9721 | D:9      | Noticed a two-headed ogre
  9776 | D:9      | Noticed a death yak
  9796 | D:9      | Killed a death yak
  9796 | D:9      | Reached XP level 11. HP: 73/90 MP: 12/15
  9869 | D:9      | Found a staircase to the Lair.
  9871 | D:9      | Noticed a death yak
  9872 | D:9      | Noticed a death yak
  9885 | D:9      | Noticed a death yak
  9889 | D:9      | Noticed a death yak
  9889 | D:9      | Noticed a death yak
  9889 | D:9      | HP: 38/90 [death yak (9)]
  9893 | D:9      | Noticed a death yak
  9907 | D:9      | Reached skill level 7 in Dodging
 10165 | D:9      | Reached skill level 10 in Fighting
 10237 | D:9      | HP: 38/90 [orc warrior/short sword of speed (11)]
 10710 | D:9      | Found Guidwycs's General Store.
 10780 | D:9      | Noticed a two-headed ogre
 10791 | D:9      | Killed a two-headed ogre
 10989 | D:10     | Entered Level 10 of the Dungeon
 11026 | D:9      | Killed a two-headed ogre
 11035 | D:10     | Noticed a two-headed ogre
 11040 | D:10     | Reached skill level 14 in Long Blades
 11048 | D:10     | HP: 40/91 [two-headed ogre/giant club (23)]
 11052 | D:10     | Killed a two-headed ogre
 11268 | D:10     | Noticed a purple ugly thing
 11297 | D:10     | Killed a purple ugly thing
 11298 | D:10     | HP: 39/92 [hornet (9)]
 11302 | D:10     | Reached skill level 7 in Invocations
 11308 | D:10     | HP: 35/92 [phantom (3)]
 11587 | D:10     | Reached skill level 8 in Dodging
 11678 | D:10     | Reached ***** piety under Uskayaw
 11688 | D:10     | Reached ****** piety under Uskayaw
 11699 | D:10     | Found a staircase to the Orcish Mines.
 11702 | D:10     | Noticed Grum
 11707 | D:10     | Killed Grum
 11707 | D:10     | Reached skill level 11 in Fighting
 11851 | D:10     | Noticed a deep elf mage
 11862 | D:10     | Identified the Grimoire of Plaster Cramp
 11863 | D:10     | Killed a deep elf mage
 11876 | D:10     | Noticed a deep elf mage
 12224 | D:10     | Noticed a wizard
 12255 | D:9      | HP: 40/93 [death yak (17)]
 12258 | D:9      | HP: 2/93 [death yak (24)]
 12260 | D:9      | Killed a death yak
 12640 | D:8      | HP: 33/93 [death yak (17)]
 12642 | D:8      | HP: 14/93 [death yak (20)]
 12644 | D:8      | Killed a death yak
 12644 | D:8      | Reached XP level 12. HP: 15/100 MP: 9/17
 12980 | D:8      | Killed a death yak
 12980 | D:8      | Reached skill level 9 in Dodging
 12980 | D:8      | Reached skill level 8 in Invocations
 13142 | D:8      | HP: 49/100 [death yak (12)]
 13144 | D:8      | Killed a death yak
 13155 | D:8      | HP: 34/101 [death yak (1)]
 13157 | D:8      | Killed a death yak
 13449 | D:9      | HP: 71/153 [16-headed hydra (9)]
 13452 | D:9      | HP: 32/153 [16-headed hydra (8)]
 13454 | D:9      | HP: 5/102 [16-headed hydra (11)]
 13454 | D:9      | Slain by a 16-headed hydra

Vanquished Creatures
  6 death yaks
  4 two-headed ogres
  The ghost of theanonym the Carver, a novice BaGl of Uskayaw (D:8)
  Pikel (D:5)
  A deep elf mage (D:10)
  An ugly thing (D:10)
  A cyclops (D:8)
  A queen bee (D:8)
  A troll (D:9)
  A hornet (D:10)
  A hippogriff (D:8)
  Sigmund (D:5)
  A wyvern (D:8)
  3 hungry ghosts
  Grum (D:10)
  3 vampire mosquitoes (D:10)
  Menkaure (D:4)
  4 orc warriors
  4 slaves
  An ice beast (D:7)
  A necrophage (D:7)
  2 phantoms
  3 ogres
  3 wolves (D:10)
  A centaur (D:8)
  5 bullfrogs
  A wyvern zombie (D:7)
  13 scorpions
  15 killer bees
  5 crimson imps
  3 centaur zombies (Ossuary)
  2 human zombies (Ossuary)
  A jelly (D:7)
  3 centaur skeletons (D:8)
  3 orc priests (D:10)
  2 hounds
  An iguana (D:9)
  A bullfrog skeleton (D:7)
  Natasha (D:2)
  8 orc wizards
  2 worker ants (D:7)
  2 big kobold zombies (Ossuary)
  A mummy (Ossuary)
  3 gnolls (D:3)
  2 scorpion zombies (Ossuary)
  13 adders
  An adder zombie (D:2)
  An adder skeleton (D:5)
  A worm (D:3)
  A dart slug (D:2)
  3 leopard geckos
  28 orcs
  3 giant cockroaches
  2 gnoll zombies (Ossuary)
  9 goblins
  8 hobgoblins
  4 jackals
  8 kobolds
  5 quokkas
  A ball python (D:2)
  5 bats
  5 frilled lizards
  A goblin zombie (Ossuary)
  2 hobgoblin zombies (Ossuary)
  A jackal zombie (D:7)
  A kobold zombie (Ossuary)
  A leopard gecko zombie (D:5)
  2 quokka skeletons
  10 rats
238 creatures vanquished.

Vanquished Creatures (collateral kills)
  An orc (D:6)
1 creature vanquished.

Vanquished Creatures (others)
  2 mummies (Ossuary)
  A hobgoblin zombie (Ossuary)
3 creatures vanquished.

Grand Total: 242 creatures vanquished
